 Dungeon Crawl Stone Soup version 0.23.0 (webtiles) character file.

Game seed: 8911418379266880499

8615 xccam the Grappler (level 11, -3/92 HPs)
             Began as a Red Draconian Transmuter on Feb 18, 2019.
             Was a High Priest of Okawaru.
             Slain by a wraith (15 damage)
             ... led by Josephine
             ... on level 9 of the Dungeon.
             The game lasted 00:26:05 (9730 turns).

xccam the Grappler (Red Draconian Transmuter)       Turns: 9730, Time: 00:26:06

Health: -3/92      AC: 16    Str: 16    XL:     11   Next: 12%
Magic:  17/17      EV: 14    Int: 16    God:    Okawaru [*****.]
Gold:   197        SH:  0    Dex: 12    Spells: 6/18 levels left

rFire    + . .     SeeInvis +     - Unarmed
rCold    . . .     Gourm    .   (no shield)
rNeg     . . .     Faith    .   (armour unavailable)
rPois    .         Spirit   .   u - +0 hat {SInv}
rElec    .         Reflect  .   x - +2 cloak "Bahux" {Str+3}
rCorr    .         Harm     .   f - +0 pair of gloves
MR       .....                  (no boots)
Stlth    +.........             (no amulet)
HPRegen  0.25/turn              e - +5 ring of protection
MPRegen  0.15/turn              t - +4 ring of slaying

@: appendage, slowed, lightly drained, very slow
A: breathe fire, unfitting armour, horns 2, fire resistance 1, cold-blooded, AC
+7
a: Breathe Fire, End Transformation, Heroism, Finesse, Renounce Religion


You were on level 9 of the Dungeon.
You worshipped Okawaru.
Okawaru was extremely pleased with you.
You were not hungry.
You had grown temporary horns.
You visited 2 branches of the dungeon, and saw 11 of its levels.

You collected 530 gold pieces.
You spent 333 gold pieces at shops.

Inventory:

Missiles
 a - 130 arrows
Armour
 f - a +0 pair of gloves (worn)
 j - a +0 shield
 u - a +0 hat of see invisible (worn)
 x - the +2 cloak "Bahux" (worn) {Str+3}
   (You bought it in a shop on level 9 of the Dungeon)

   It affects your strength (+3).
Jewellery
 e - a +5 ring of protection (left hand)
 o - a +5 ring of dexterity
 t - a +4 ring of slaying (right hand)
 y - an uncursed ring of ice
 A - an uncursed ring of stealth
Wands
 b - a wand of iceblast (7)
 m - a wand of flame (21)
 z - a wand of paralysis (10)
 B - a wand of polymorph (7)
Scrolls
 d - 4 scrolls of remove curse
 g - 6 scrolls of teleportation
 n - a scroll of magic mapping
 p - 2 scrolls of immolation
 D - a scroll of enchant armour {unknown}
Potions
 h - 2 potions of flight
 i - 3 potions of brilliance
 k - 3 potions of agility
 l - 3 potions of haste
 q - 2 potions of lignification
 r - 2 potions of heal wounds
 s - 2 potions of might
 v - 3 potions of curing
 w - a potion of ambrosia {unknown}
Comestibles
 c - 27 rations


   Skills:
 + Level 7.1(6.5) Fighting
 + Level 6.1(5.6) Dodging
 + Level 0.7(0.2) Shields
 + Level 9.1(8.5) Unarmed Combat
 - Level 4.2(3.7) Spellcasting
 + Level 9.0(8.4) Transmutations
 - Level 3.0(2.5) Ice Magic
 + Level 6.5(5.9) Invocations


You had 6 spell levels left.
You knew the following spells:

 Your Spells              Type           Power        Failure   Level  Hunger
a - Beastly Appendage     Tmut           ####..       1%          1    None
b - Sticks to Snakes      Tmut           ####....     1%          2    ##.....
c - Ice Form              Ice/Tmut       ###.....     19%         4    ####...
d - Blade Hands           Tmut           ####......   16%         5    ######.

Your spell library contained the following spells:

 Spells                   Type           Power        Failure   Level  Hunger
 Spider Form              Tmut/Pois      ###.......   9%          3    ###....
 Confusing Touch          Hex            #.....       17%         1    None
 Petrify                  Tmut/Erth      ###.....     30%         4    ####...
 Confuse                  Hex            #.......     45%         3    ###....
 Gell's Gravitas          Tloc           #.........   45%         3    ###....
 Irradiate                Conj/Tmut      ###.......   63%         5    ######.
 Yara's Violent Unravell  Hex/Tmut       ###.......   63%         5    ######.
 Hydra Form               Tmut           ####......   63%         6    #######
 Metabolic Englaciation   Hex/Ice        #.........   96%         5    ######.
 Bolt of Magma            Conj/Fire/Erth #.........   99%         5    ######.
 Iskenderun's Battlesphe  Conj/Chrm      #.......     99%         5    ######.
 Venom Bolt               Conj/Pois      #.........   99%         5    ######.
 Statue Form              Tmut/Erth      ###......    99%         6    #######
 Iron Shot                Conj/Erth      #.........   100%        6    #######
 Dragon Form              Tmut           ####......   99%         7    #######
 Orb of Destruction       Conj           #.........   100%        7    #######
 Spellforged Servitor     Conj/Summ      #.........   100%        7    #######


Dungeon Overview and Level Annotations

Branches:
Dungeon (10/15)            Temple (1/1) D:6            Lair (0/6) D:9
    Orc (0/2) D:10

Altars:
Elyvilon
Fedhas
Nemelex Xobeh
Okawaru
Sif Muna
Wu Jian
The Shining One

Shops:
D:8 (:   D:9 [

Annotations:
D:10 1 transporter, Josephine; bmj180's ghost, journeyman HOFi


Innate Abilities, Weirdness & Mutations

You can breathe blasts of fire.
Your fiery red scales are hard. (AC +7)
You cannot fit into any form of body armour.
Your flesh is heat resistant. (rF+)
You are cold-blooded and may be slowed by cold attacks.
You have a pair of horns on your head.


Message History

You barely miss the wraith. You headbutt the wraith!
The wraith is severely damaged.
The wraith hits you.
* * * LOW HITPOINT WARNING * * *
The wraith drains your vigour!
You feel as though you will be slow longer.
Unknown command.
You closely miss the wraith.
The wraith is severely damaged.
The wraith misses you. The wraith hits you.
* * * LOW HITPOINT WARNING * * *
Unknown command.
You barely miss the wraith.
The wraith is severely damaged.
The wraith misses you.
Unknown command.
You closely miss the wraith.
The wraith is severely damaged.
The wraith hits you!
You die...

#...# #.#####..#######
#########...######...............
#..........)....)֠..............
#.........##########.............
########..# #..#########.. #..#
#..# #.. #..# #..# #..
########..##########..#########..
#..............W@................
#####..........#####.............
#........<.# #..#####......
#..........# #..# #......
#..........# #..# #......
#..........# #..# #......
#..........# #..# #......
#..........# #..# #......
#..........# #..# #..?...


You could see a wraith.

Vanquished Creatures
  Fannar (D:10)
  A two-headed ogre (D:9)
  Maurice (D:10)
  A komodo dragon (D:9)
  A wraith (D:9)
  A basilisk (D:9)
  A hungry ghost (D:7)
  A water moccasin (D:7)
  Duvessa (D:7)
  3 orc warriors
  6 sky beasts
  A hornet zombie (D:8)
  2 phantoms
  A necrophage (D:10)
  3 ice beasts
  A black bear (D:9)
  2 swamp drakes
  4 ogres
  2 centaurs
  2 crocodiles (D:9)
  2 big kobolds
  3 bullfrogs
  3 gnoll sergeants
  Dowan (D:7)
  A scorpion (D:7)
  A howler monkey (D:9)
  2 crimson imps
  A bullfrog zombie (D:7)
  4 orc priests
  2 jellies
  3 centaur skeletons
  6 hounds
  A centaur zombie (D:5)
  4 iguanas
  Jessica (D:10)
  Natasha (thrice) (D:2)
  11 orc wizards
  9 worker ants
  2 killer bee zombies
  2 hound skeletons
  A howler monkey skeleton (D:9)
  21 gnolls
  6 adders
  An adder skeleton (D:4)
  6 worms
  A dart slug (D:2)
  6 leopard geckos
  40 orcs
  4 giant cockroaches
  9 goblins
  10 hobgoblins
  4 jackals (D:8)
  3 quokkas
  A ball python (D:5)
  A ball python skeleton (D:5)
  7 bats
  8 frilled lizards
  7 kobolds
  A leopard gecko zombie (D:7)
  9 rats
244 creatures vanquished.

Vanquished Creatures (collateral kills)
  Gastronok (D:9)
  An adder (D:3)
  An orc (D:10)
3 creatures vanquished.

Vanquished Creatures (others)
  A bullfrog (D:9)
  4 toadstools (D:1)
5 creatures vanquished.

Grand Total: 252 creatures vanquished

Notes
Turn   | Place    | Note
-------+----------+-------------------------------------------
     0 | D:1      | xccam the Draconian Transmuter began the quest for the Orb.
     0 | D:1      | Reached XP level 1. HP: 16/16 MP: 3/3
   213 | D:1      | Reached XP level 2. HP: 23/23 MP: 5/5
   824 | D:2      | Reached XP level 3. HP: 22/28 MP: 6/6
   831 | D:2      | Learned a level 2 spell: Sticks to Snakes
  1006 | D:2      | Noticed Natasha
  1017 | D:2      | Killed Natasha
  1277 | D:2      | Found a sparkling altar of Nemelex Xobeh.
  1400 | D:2      | Reached XP level 4. HP: 35/35 MP: 5/7
  1445 | D:2      | Noticed Natasha
  1479 | D:2      | Killed Natasha
  1479 | D:2      | Reached skill level 5 in Unarmed Combat
  1509 | D:2      | Noticed Natasha
  1782 | D:2      | Killed Natasha
  1782 | D:2      | Reached XP level 5. HP: 23/40 MP: 6/8
  2927 | D:3      | Reached XP level 6. HP: 20/47 MP: 7/9
  3229 | D:4      | Reached skill level 5 in Transmutations
  3298 | D:4      | Your scales start taking on a fiery red colour.
  3298 | D:4      | Reached XP level 7. HP: 40/52 MP: 8/10
  3298 | D:4      | Gained mutation: Your flesh is heat resistant. (rF+) [Red
                  | Draconian growth]
  3866 | D:5      | Entered Level 5 of the Dungeon
  4484 | D:5      | Found a blossoming altar of Fedhas.
  4768 | D:6      | Reached XP level 8. HP: 62/62 MP: 12/12
  5144 | D:6      | Found a staircase to the Ecumenical Temple.
  5153 | Temple   | Entered the Ecumenical Temple
  5184 | Temple   | Became a worshipper of Warmaster Okawaru
  5758 | D:7      | Reached * piety under Okawaru
  5846 | D:7      | Reached skill level 5 in Fighting
  6068 | D:7      | Noticed Dowan
  6078 | D:7      | Killed Dowan
  6082 | D:7      | Noticed Duvessa
  6104 | D:7      | Killed Duvessa
  6167 | D:7      | Reached XP level 9. HP: 71/74 MP: 13/13
  6461 | D:7      | Reached ** piety under Okawaru
  6539 | D:7      | Reached skill level 5 in Dodging
  6929 | D:8      | Found Ryett's Book Emporium.
  7099 | D:8      | Found Datsak's Weapon Shoppe.
  7501 | D:9      | Found a white marble altar of Elyvilon.
  7520 | D:9      | Found Jyph's Armour Shoppe.
  7532 | D:9      | Reached *** piety under Okawaru
  7538 | D:9      | Bought the +2 cloak "Bahux" {Str+3} for 333 gold pieces
  7601 | D:9      | Reached skill level 1 in Invocations
  7777 | D:9      | Learned a level 4 spell: Ice Form
  7783 | D:9      | Learned a level 5 spell: Blade Hands
  7887 | D:9      | Noticed a komodo dragon
  7969 | D:9      | Killed a komodo dragon
  7969 | D:9      | Reached skill level 1 in Ice Magic
  7969 | D:9      | Reached XP level 10. HP: 37/86 MP: 9/15
  8199 | D:9      | Found a staircase to the Lair.
  8294 | D:9      | Noticed Gastronok
  8350 | D:9      | Killed Gastronok
  8350 | D:9      | Reached **** piety under Okawaru
  8350 | D:9      | Reached ***** piety under Okawaru
  8378 | D:9      | Noticed a two-headed ogre
  8396 | D:9      | Received a gift from Okawaru
  8416 | D:9      | Killed a two-headed ogre
  8507 | D:9      | Reached skill level 5 in Invocations
  8818 | D:10     | Entered Level 10 of the Dungeon
  8892 | D:10     | Noticed Fannar
  8909 | D:10     | Noticed Jessica
  8912 | D:10     | Killed Jessica
  9240 | D:10     | Killed Fannar
  9274 | D:10     | Found a transporter.
  9274 | D:10     | Noticed a two-headed ogre
  9275 | D:10     | Noticed bmj180's ghost (journeyman HOFi)
  9276 | D:10     | Noticed a two-headed ogre
  9286 | D:10     | Noticed a two-headed ogre
  9308 | D:10     | Found a staircase to the Orcish Mines.
  9501 | D:10     | Reached XP level 11. HP: 67/92 MP: 15/17
  9606 | D:10     | Noticed Maurice
  9635 | D:10     | Killed Maurice
  9653 | D:10     | Noticed Josephine
  9730 | D:9      | Slain by a wraith

Skill      XL: |  1  2  3  4  5  6  7  8  9 10 11 |
---------------+----------------------------------+-----
Unarmed Combat | 4 5 6 7 9 |  9.1
Transmutations | 3 4 5 6 8 9 |  9.0
Dodging        | 2 4 6 |  6.1
Fighting       | 2 5 7 |  7.1
Spellcasting   | 3 4 |  4.2
Invocations    | 2 6 |  6.5
Ice Magic      | 1 3 |  3.0
Shields        | |  0.7

Action                   |  1- 3 |  4- 6 |  7- 9 | 10-12 || total
-------------------------+-------+-------+-------+-------++-------
Melee: Unarmed           |   131 |   228 |   418 |   200 ||   977
       Tailslap          |     6 |    27 |    69 |    19 ||   121
       Punch             |     1 |     9 |     7 |     7 ||    24
       Kick              |     4 |    11 |     4 |    12 ||    31
       Headbutt          |       |     3 |     8 |     5 ||    16
 Cast: Beastly Appendage |     3 |     9 |     6 |     6 ||    24
       Sticks to Snakes  |     1 |     4 |     4 |    14 ||    23
 Abil: Breathe Fire      |       |       |    16 |    11 ||    27
Evoke: Wand              |       |       |     1 |       ||     1
  Use: Potion            |       |     2 |       |       ||     2
       Scroll            |       |     5 |     5 |     6 ||    16
 Stab: Sleeping          |     1 |     2 |       |       ||     3
       Paralysed         |       |       |     1 |       ||     1
       Confused          |       |       |       |     1 ||     1
  Eat: Chunk             |     1 |     7 |    23 |     8 ||    39
Armor: Skin              |    27 |    84 |   123 |    83 ||   317
Dodge: Dodged            |    72 |   125 |   195 |   131 ||   523
